Pick #1

Connor Bedard
Pick #2

Leo Carlsson
Pick #3

Adam Fantilli
Pick #4

Matvei Michkov
Pick #5

David Reinbacher
Pick #6

William Smith
Pick #7

Zachary Benson
Pick #8

Ryan Leonard
Pick #9

Gabriel Perreault
Pick #10

Axel Sandin-Pellika
Pick #11

Daniil But
Pick #12

Dalibor Dvorsky
Pick #13

Quentin Musty
Pick #14

Brayden Yager
Pick #15

Dmitry Simashev
Pick #16

Colby Barlow
Pick #17

Andrew Cristall
Pick #18

Easton Cowan
Pick #19

Jacob Fowler
Pick #20

Oliver Moore
Pick #21

Oliver Bonk
Pick #22

Tom Willander
Pick #23

Calum Ritchie
Pick #24

Tanner Molendyk
Pick #25

Gavin Brindley
Pick #26

Nate Danielson
Pick #27

Pick #28

Pick #29

Pick #30

Pick #31

Pick #32

Pick #33

Pick #34

Pick #35

Pick #36

Pick #37

Pick #38

Pick #39

Pick #40

Pick #41

Pick #42

Pick #43

Pick #44

Pick #45

Pick #46

Pick #47

Pick #48

Pick #49

Pick #50

Pick #51

Pick #52

Pick #53

Pick #54

Pick #55

Pick #56

Pick #57

Pick #58

Pick #59

Pick #60

Pick #61

Pick #62

Pick #63

Pick #64

Pick #65

Pick #66

Pick #67

Pick #68

Pick #69

Pick #70

Pick #71

Pick #72

Pick #73

Pick #74

Pick #75

Pick #76

Pick #77

Pick #78

Pick #79

Pick #80

Pick #81

Pick #82

Pick #83

Pick #84

Pick #85

Pick #86

Pick #87

Pick #88

Pick #89

Pick #90

Pick #91

Pick #92

Pick #93

Pick #94

Pick #95

Pick #96

Pick #97

Pick #98

Pick #99

Pick #100

Pick #101

Pick #102

Pick #103

Pick #104

Pick #105

Pick #106

Pick #107

Pick #108

Pick #109

Pick #110

Pick #111

Pick #112

Pick #113

Pick #114

Pick #115

Pick #116

Pick #117

Pick #118

Pick #119

Pick #120

Pick #121

Pick #122

Pick #123

Pick #124

Pick #125

Pick #126

Pick #127

Pick #128

Pick #129

Pick #130

Full Scoreboard »»

Panthers vs Senators

Created - October 18, 2023 at 19:58

Goals
1 2 3 T
Panthers 2 1 1 4
Senators 0 1 0 1
Shots
1 2 3 T
Panthers 4 7 5 16
Senators 10 6 7 23

GoalsPenalties
1st period
1. Panthers , Charlie McAvoy 1 (Mikael Backlund 2, Quinn Hughes 3) at 12:09
2. Panthers , Matthew Tkachuk 2 (Quinn Hughes 4, Aleksander Barkov 4) at 18:05
Brady Tkachuk (FLA) for Delaying the game (Minor) at 2:16
2nd period
3. Panthers , Matthew Tkachuk 3 (Aleksander Barkov 5, Andrei Svechnikov 3) at 5:07
4. Senators , Pius Suter 3 (Luke Glendening 2, Rasmus Andersson 2) at 8:00
Brady Tkachuk (FLA) for High sticking (Minor) at 0:12
3rd period
5. Panthers , Quinn Hughes 2 (Matthew Tkachuk 3, Andrei Svechnikov 4) at 9:11
Scott Laughton (OTT) for Hooking (Minor) at 16:02
Goalie Stats
Alexandar Georgiev (FLA), 22 saves from 23 shots - (0.957), W, 4-0-0, 60:00 minutes
Sam Montembeault (OTT), 10 saves from 14 shots - (0.714), L, 0-3-0, 49:11 minutes
Semyon Varlamov (OTT), 2 saves from 2 shots - (1.000), 10:49 minutes
3 StarsOfficial
1 - Matthew Tkachuk (FLA)
2 - Quinn Hughes (FLA)
3 - Andrei Svechnikov (FLA)
Referees : Furman South and Dan Kelly
Linesman : Derek Nansen and Ryan Gibbons
Game Note
Semyon Varlamov enters game at 9:11 of 3rd period
Finance
Level 1 -- Attendance: 6176 (95.02%) -- Ticket Income $741,120
Level 2 -- Attendance: 4863 (97.26%) -- Ticket Income $437,670
Level 3 -- Attendance: 3380 (96.57%) -- Ticket Income $253,500
Level 4 -- Attendance: 2447 (77.61%) -- Ticket Income $110,115
Luxury Box -- Attendance: 981 (98.10%) -- Ticket Income $235,440
Game was played at the Canadian Tire Centre.
Total Attendance: 17847 (93.18%)
Total Ticket Income: $1,777,845
Other Income: $444,461
Total Income: $2,222,306



Team Name Goals Shots Shots Attemp Shots Blocked PIM HIT PP PK FO%
Panthers 4163274140 / 1 (0%)055%
Senators 1235052120 / 2 (0%)045%

Panthers
Player Name POS G A P +/- PIM HIT SHT SB MP PP MP PP SHT PK MP PK SHT FO% FOT
Aleksander BarkovC0222002020:381:0710:18062% 21
Alexandre CarrierD0001020016:510:0000:0000% 0
Andrei SvechnikovRW0222042020:201:0700:00033% 3
Brady TkachukLW0000430016:210:5200:00050% 2
Charlie McAvoyD1012021021:461:0702:0900% 0
Emil BemstromRW0001010010:580:0000:00050% 2
Frederick GaudreauC000000109:410:0001:20050% 10
Jack HughesC0000000016:230:5200:00050% 2
Jake SandersonD0000000121:230:5201:4900% 0
Luke EvangelistaRW0001002010:580:0000:0000% 0
Matthew TkachukLW2132004020:271:0700:0700% 0
Michael McLeodC0000000010:400:0002:1900% 0
Mikael BacklundC0111010013:180:0002:20073% 15
Oliver Ekman-LarssonD0001000116:510:0000:0000% 0
Owen PowerD0000000321:230:5201:4900% 0
Quinn HughesD1232001021:461:0702:0900% 0
Robby FabbriC000001018:210:0000:0000% 1
Roope HintzC0000003117:550:5201:32043% 21
Senators
Player Name POS G A P +/- PIM HIT SHT SB MP PP MP PP SHT PK MP PK SHT FO% FOT
Andrew CoppC0000012018:361:4300:00054% 28
Anthony CirelliC0000000019:581:4301:220100% 1
Brock McGinnLW000-100116:160:0000:3700% 0
Chris TanevD000-3000220:310:0001:1300% 0
Christian DvorakC0000011014:080:0000:00056% 9
Eric StaalC0000001014:450:0000:3700% 0
Jake WalmanD000-1030115:080:0000:0000% 0
Joel Eriksson EkC000-2022019:382:1500:00032% 25
K'Andre MillerD000-3011023:272:5611:1300% 0
Luke GlendeningC011-100107:010:0001:22056% 9
Mason McTavishC0000011016:232:1510:00025% 4
Matty BeniersC000-2007019:382:1510:0000% 1
Mikael GranlundC000-2002018:251:0210:0000% 0
Nate SchmidtD000-1000015:080:0000:0000% 0
Noah HanifinD0001010021:251:0200:4600% 0
Pius SuterC101-100105:390:0000:0000% 0
Rasmus AnderssonD0111001123:192:5600:4600% 0
Scott LaughtonC0000222018:351:4300:0000% 0



Play-by-Play

1st period


0:01 of 1st period - Aleksander Barkov wins face-off versus Joel Eriksson Ek in neutral zone.
0:08 of 1st period - Shot by Andrei Svechnikov.
0:08 of 1st period - Deflect By Matthew Tkachuk.
0:08 of 1st period - Shot Hit the Post.
0:20 of 1st period - Icing by Rasmus Andersson.
0:21 of 1st period - Joel Eriksson Ek wins face-off versus Roope Hintz in Senators zone.
0:21 of 1st period - Joel Eriksson Ek is hit by Brady Tkachuk.
0:31 of 1st period - Shot by Mikael Granlund.
0:31 of 1st period - Shot Misses the Net.
0:33 of 1st period - Shot by Rasmus Andersson.
0:33 of 1st period - Stopped by Alexandar Georgiev without a rebound.
0:34 of 1st period - Mikael Backlund wins face-off versus Andrew Copp in Panthers zone.
0:46 of 1st period - Chris Tanev is hit by Alexandre Carrier and loses puck.
1:58 of 1st period - Matthew Tkachuk is hit by Jake Walman.
2:16 of 1st period - Minor Penalty to Brady Tkachuk for Delaying the game.
2:17 of 1st period - Mikael Backlund wins face-off versus Joel Eriksson Ek in Panthers zone.
2:26 of 1st period - Shot by Noah Hanifin.
2:26 of 1st period - Deflect By Matty Beniers.
2:26 of 1st period - Stopped by Alexandar Georgiev without a rebound.
2:27 of 1st period - Mikael Backlund wins face-off versus Joel Eriksson Ek in Panthers zone.
2:53 of 1st period - Shot by Mikael Granlund.
2:53 of 1st period - Stopped by Alexandar Georgiev with a rebound.
2:55 of 1st period - Shot by Mason McTavish.
2:55 of 1st period - Stopped by Alexandar Georgiev without a rebound.
2:56 of 1st period - Andrew Copp wins face-off versus Frederick Gaudreau in Panthers zone.
3:05 of 1st period - Shot by Rasmus Andersson.
3:05 of 1st period - Shot Blocked by Roope Hintz.
3:24 of 1st period - Icing by Andrew Copp.
3:25 of 1st period - Frederick Gaudreau wins face-off versus Andrew Copp in Senators zone.
6:03 of 1st period - Icing by Chris Tanev.
6:04 of 1st period - Luke Glendening wins face-off versus Frederick Gaudreau in Senators zone.
6:08 of 1st period - Icing by Chris Tanev.
6:09 of 1st period - Roope Hintz wins face-off versus Luke Glendening in Senators zone.
6:12 of 1st period - Shot by Brady Tkachuk.
6:12 of 1st period - Deflect By Roope Hintz.
6:12 of 1st period - Stopped by Sam Montembeault without a rebound.
6:13 of 1st period - Joel Eriksson Ek wins face-off versus Roope Hintz in Senators zone.
6:29 of 1st period - Shot by Roope Hintz.
6:29 of 1st period - Stopped by Sam Montembeault without a rebound.
6:30 of 1st period - Frederick Gaudreau wins face-off versus Andrew Copp in Senators zone.
6:50 of 1st period - Icing by Anthony Cirelli.
6:51 of 1st period - Andrew Copp wins face-off versus Roope Hintz in Senators zone.
6:57 of 1st period - Off-side.
6:58 of 1st period - Jack Hughes wins face-off versus Christian Dvorak in neutral zone.
7:01 of 1st period - Eric Staal is hit by Brady Tkachuk and loses puck.
7:11 of 1st period - Rasmus Andersson is hit by Charlie McAvoy and loses puck.
7:38 of 1st period - Shot by Roope Hintz.
7:38 of 1st period - Deflect By Jack Hughes.
7:38 of 1st period - Shot Misses the Net.
7:40 of 1st period - Shot by Quinn Hughes.
7:40 of 1st period - Shot Misses the Net.
8:24 of 1st period - Shot by Matty Beniers.
8:24 of 1st period - Stopped by Alexandar Georgiev without a rebound.
8:25 of 1st period - Andrew Copp wins face-off versus Aleksander Barkov in Panthers zone.
8:28 of 1st period - Shot by Anthony Cirelli.
8:28 of 1st period - Shot Blocked by Oliver Ekman-Larsson.
8:30 of 1st period - Shot by Scott Laughton.
8:30 of 1st period - Stopped by Alexandar Georgiev with a rebound.
8:32 of 1st period - Shot by Anthony Cirelli.
8:32 of 1st period - Deflect By Andrew Copp.
8:32 of 1st period - Stopped by Alexandar Georgiev without a rebound.
8:33 of 1st period - Andrew Copp wins face-off versus Aleksander Barkov in Panthers zone.
8:39 of 1st period - Anthony Cirelli is hit by Alexandre Carrier.
8:41 of 1st period - Shot by Andrew Copp.
8:41 of 1st period - Stopped by Alexandar Georgiev without a rebound.
8:42 of 1st period - Andrew Copp wins face-off versus Brady Tkachuk in Panthers zone.
8:47 of 1st period - Shot by Scott Laughton.
8:47 of 1st period - Shot Misses the Net.
9:48 of 1st period - Shot by Aleksander Barkov.
9:48 of 1st period - Shot Blocked by Jake Walman.
9:53 of 1st period - Off-side.
9:54 of 1st period - Frederick Gaudreau wins face-off versus Joel Eriksson Ek in neutral zone.
10:25 of 1st period - Shot by Frederick Gaudreau.
10:25 of 1st period - Shot Misses the Net.
12:09 of 1st period - Shot by Charlie McAvoy.
12:09 of 1st period - Goal by Charlie McAvoy - Panthers : 1 - Senators : 0.
12:10 of 1st period - Roope Hintz wins face-off versus Christian Dvorak in neutral zone.
12:14 of 1st period - Oliver Ekman-Larsson is hit by Jake Walman and loses puck.
13:24 of 1st period - Icing by Luke Evangelista.
13:25 of 1st period - Emil Bemstrom wins face-off versus Andrew Copp in Panthers zone.
14:01 of 1st period - Shot by Noah Hanifin.
14:01 of 1st period - Shot Misses the Net.
14:03 of 1st period - Shot by Andrew Copp.
14:03 of 1st period - Deflect By Anthony Cirelli.
14:03 of 1st period - Shot Misses the Net.
14:22 of 1st period - Joel Eriksson Ek is hit by Charlie McAvoy and loses puck.
14:35 of 1st period - Shot by Matty Beniers.
14:35 of 1st period - Shot Misses the Net.
14:39 of 1st period - Shot by Matty Beniers.
14:39 of 1st period - Shot Misses the Net.
14:41 of 1st period - Shot by Joel Eriksson Ek.
14:41 of 1st period - Stopped by Alexandar Georgiev with a rebound.
15:52 of 1st period - Matthew Tkachuk is hit by Jake Walman and loses puck.
16:09 of 1st period - Shot by Jack Hughes.
16:09 of 1st period - Shot Misses the Net.
16:40 of 1st period - Off-side.
16:41 of 1st period - Luke Glendening wins face-off versus Frederick Gaudreau in neutral zone.
16:46 of 1st period - Shot by Luke Glendening.
16:46 of 1st period - Shot Misses the Net.
16:50 of 1st period - Shot by Brock McGinn.
16:50 of 1st period - Stopped by Alexandar Georgiev without a rebound.
16:51 of 1st period - Frederick Gaudreau wins face-off versus Andrew Copp in Panthers zone.
17:47 of 1st period - Icing by Rasmus Andersson.
17:48 of 1st period - Andrew Copp wins face-off versus Aleksander Barkov in Senators zone.
17:48 of 1st period - Andrew Copp is hit by Andrei Svechnikov.
17:55 of 1st period - Off-side.
17:56 of 1st period - Joel Eriksson Ek wins face-off versus Aleksander Barkov in neutral zone.
18:05 of 1st period - Shot by Matthew Tkachuk.
18:05 of 1st period - Goal by Matthew Tkachuk - Panthers : 2 - Senators : 0.
18:06 of 1st period - Aleksander Barkov wins face-off versus Joel Eriksson Ek in neutral zone.
Goals for this period are 2 for Panthers vs 0 for Senators.
Shots for this period are 4 for Panthers vs 10 for Senators.

2nd period


0:01 of 2nd period - Andrew Copp wins face-off versus Aleksander Barkov in neutral zone.
0:11 of 2nd period - Shot by Andrei Svechnikov.
0:11 of 2nd period - Stopped by Sam Montembeault without a rebound.
0:12 of 2nd period - Joel Eriksson Ek wins face-off versus Roope Hintz in Senators zone.
0:12 of 2nd period - Minor Penalty to Brady Tkachuk for High sticking.
0:13 of 2nd period - Mason McTavish wins face-off versus Mikael Backlund in Panthers zone.
0:14 of 2nd period - Shot by K'Andre Miller.
0:14 of 2nd period - Stopped by Alexandar Georgiev without a rebound.
0:15 of 2nd period - Mikael Backlund wins face-off versus Joel Eriksson Ek in Panthers zone.
0:48 of 2nd period - Shot by Rasmus Andersson.
0:48 of 2nd period - Shot Misses the Net.
0:55 of 2nd period - Icing by Rasmus Andersson.
0:56 of 2nd period - Mikael Backlund wins face-off versus Joel Eriksson Ek in Senators zone.
1:25 of 2nd period - Jake Sanderson is hit by Joel Eriksson Ek and loses puck.
2:44 of 2nd period - Shot by Aleksander Barkov.
2:44 of 2nd period - Shot Blocked by Brock McGinn.
3:20 of 2nd period - Icing by Andrew Copp.
3:21 of 2nd period - Andrew Copp wins face-off versus Roope Hintz in Senators zone.
3:32 of 2nd period - Shot by Roope Hintz.
3:32 of 2nd period - Stopped by Sam Montembeault without a rebound.
3:33 of 2nd period - Mikael Backlund wins face-off versus Christian Dvorak in Senators zone.
4:08 of 2nd period - Shot by Emil Bemstrom.
4:08 of 2nd period - Shot Blocked by Chris Tanev.
4:22 of 2nd period - Chris Tanev is hit by Emil Bemstrom and loses puck.
4:45 of 2nd period - Icing by Joel Eriksson Ek.
4:46 of 2nd period - Aleksander Barkov wins face-off versus Joel Eriksson Ek in Senators zone.
5:07 of 2nd period - Shot by Aleksander Barkov.
5:07 of 2nd period - Deflect By Matthew Tkachuk.
5:07 of 2nd period - Goal by Matthew Tkachuk - Panthers : 3 - Senators : 0.
5:08 of 2nd period - Roope Hintz wins face-off versus Andrew Copp in neutral zone.
5:08 of 2nd period - Jake Sanderson is hit by Scott Laughton and loses puck.
5:17 of 2nd period - Shot by Jack Hughes.
5:17 of 2nd period - Shot Misses the Net.
5:48 of 2nd period - Shot by Anthony Cirelli.
5:48 of 2nd period - Shot Misses the Net.
6:40 of 2nd period - Shot by Matthew Tkachuk.
6:40 of 2nd period - Shot Misses the Net.
6:46 of 2nd period - Shot by Matthew Tkachuk.
6:46 of 2nd period - Stopped by Sam Montembeault without a rebound.
6:47 of 2nd period - Frederick Gaudreau wins face-off versus Christian Dvorak in Senators zone.
7:18 of 2nd period - Oliver Ekman-Larsson is hit by Christian Dvorak and loses puck.
7:48 of 2nd period - Icing by Rasmus Andersson.
7:49 of 2nd period - Aleksander Barkov wins face-off versus Luke Glendening in Senators zone.
8:00 of 2nd period - Shot by Pius Suter.
8:00 of 2nd period - Goal by Pius Suter - Panthers : 3 - Senators : 1.
8:01 of 2nd period - Mikael Backlund wins face-off versus Joel Eriksson Ek in neutral zone.
8:05 of 2nd period - Off-side.
8:06 of 2nd period - Aleksander Barkov wins face-off versus Joel Eriksson Ek in neutral zone.
8:17 of 2nd period - Shot by Aleksander Barkov.
8:17 of 2nd period - Shot Blocked by Rasmus Andersson.
8:28 of 2nd period - Matthew Tkachuk is hit by Noah Hanifin and loses puck.
10:45 of 2nd period - Shot by Luke Evangelista.
10:45 of 2nd period - Stopped by Sam Montembeault without a rebound.
10:46 of 2nd period - Aleksander Barkov wins face-off versus Luke Glendening in Senators zone.
11:22 of 2nd period - Shot by Nate Schmidt.
11:22 of 2nd period - Shot Misses the Net.
11:24 of 2nd period - Shot by Luke Glendening.
11:24 of 2nd period - Shot Blocked by Jake Sanderson.
11:26 of 2nd period - Shot by Pius Suter.
11:26 of 2nd period - Shot Blocked by Owen Power.
11:28 of 2nd period - Shot by Nate Schmidt.
11:28 of 2nd period - Shot Misses the Net.
12:48 of 2nd period - Icing by Luke Evangelista.
12:49 of 2nd period - Mikael Backlund wins face-off versus Andrew Copp in Panthers zone.
13:02 of 2nd period - Shot by Scott Laughton.
13:02 of 2nd period - Stopped by Alexandar Georgiev without a rebound.
13:03 of 2nd period - Christian Dvorak wins face-off versus Roope Hintz in Panthers zone.
13:57 of 2nd period - Jake Sanderson is hit by Mason McTavish and loses puck.
14:16 of 2nd period - Shot by Frederick Gaudreau.
14:16 of 2nd period - Stopped by Sam Montembeault without a rebound.
14:17 of 2nd period - Aleksander Barkov wins face-off versus Andrew Copp in Senators zone.
14:25 of 2nd period - Icing by Andrew Copp.
14:26 of 2nd period - Andrew Copp wins face-off versus Aleksander Barkov in Senators zone.
14:28 of 2nd period - Icing by Anthony Cirelli.
14:29 of 2nd period - Andrew Copp wins face-off versus Aleksander Barkov in Senators zone.
14:29 of 2nd period - Andrew Copp is hit by Andrei Svechnikov.
14:34 of 2nd period - Anthony Cirelli is hit by Andrei Svechnikov and loses puck.
14:54 of 2nd period - Icing by Rasmus Andersson.
14:55 of 2nd period - Roope Hintz wins face-off versus Andrew Copp in Senators zone.
14:59 of 2nd period - Icing by Noah Hanifin.
15:00 of 2nd period - Andrew Copp wins face-off versus Roope Hintz in Senators zone.
16:36 of 2nd period - Shot by Matty Beniers.
16:36 of 2nd period - Shot Misses the Net.
16:38 of 2nd period - Shot by Matty Beniers.
16:38 of 2nd period - Stopped by Alexandar Georgiev without a rebound.
16:39 of 2nd period - Mikael Backlund wins face-off versus Mason McTavish in Panthers zone.
17:07 of 2nd period - Icing by Alexandre Carrier.
17:08 of 2nd period - Luke Glendening wins face-off versus Mikael Backlund in Panthers zone.
17:25 of 2nd period - Shot by Luke Glendening.
17:25 of 2nd period - Stopped by Alexandar Georgiev without a rebound.
17:26 of 2nd period - Aleksander Barkov wins face-off versus Joel Eriksson Ek in Panthers zone.
17:34 of 2nd period - Icing by Charlie McAvoy.
17:35 of 2nd period - Joel Eriksson Ek wins face-off versus Aleksander Barkov in Panthers zone.
17:46 of 2nd period - Shot by Aleksander Barkov.
17:46 of 2nd period - Deflect By Andrei Svechnikov.
17:46 of 2nd period - Stopped by Sam Montembeault with a rebound.
17:53 of 2nd period - Icing by Mikael Granlund.
17:54 of 2nd period - Joel Eriksson Ek wins face-off versus Roope Hintz in Senators zone.
17:54 of 2nd period - Joel Eriksson Ek is hit by Brady Tkachuk.
18:03 of 2nd period - Off-side.
18:04 of 2nd period - Andrew Copp wins face-off versus Andrei Svechnikov in neutral zone.
19:10 of 2nd period - Off-side.
19:11 of 2nd period - Christian Dvorak wins face-off versus Roope Hintz in neutral zone.
19:24 of 2nd period - Shot by Mason McTavish.
19:24 of 2nd period - Shot Blocked by Owen Power.
19:26 of 2nd period - Shot by Eric Staal.
19:26 of 2nd period - Stopped by Alexandar Georgiev without a rebound.
19:27 of 2nd period - Joel Eriksson Ek wins face-off versus Mikael Backlund in Panthers zone.
19:42 of 2nd period - Icing by Alexandre Carrier.
19:43 of 2nd period - Mikael Backlund wins face-off versus Andrew Copp in Panthers zone.
19:47 of 2nd period - Icing by Luke Evangelista.
19:48 of 2nd period - Joel Eriksson Ek wins face-off versus Mikael Backlund in Panthers zone.
19:57 of 2nd period - Shot by Mikael Granlund.
19:57 of 2nd period - Shot Misses the Net.
19:59 of 2nd period - Shot by Chris Tanev.
19:59 of 2nd period - Shot Misses the Net.
Goals for this period are 1 for Panthers vs 1 for Senators.
Shots for this period are 7 for Panthers vs 6 for Senators.

3rd period


0:01 of 3rd period - Aleksander Barkov wins face-off versus Joel Eriksson Ek in neutral zone.
0:15 of 3rd period - Shot by Joel Eriksson Ek.
0:15 of 3rd period - Deflect By Mikael Granlund.
0:15 of 3rd period - Stopped by Alexandar Georgiev without a rebound.
0:16 of 3rd period - Brady Tkachuk wins face-off versus Andrew Copp in Panthers zone.
0:16 of 3rd period - Brady Tkachuk is hit by Scott Laughton.
0:23 of 3rd period - Off-side.
0:24 of 3rd period - Andrei Svechnikov wins face-off versus Joel Eriksson Ek in neutral zone.
0:29 of 3rd period - Shot by Andrei Svechnikov.
0:29 of 3rd period - Shot Misses the Net.
0:32 of 3rd period - Icing by Joel Eriksson Ek.
0:33 of 3rd period - Aleksander Barkov wins face-off versus Joel Eriksson Ek in Senators zone.
1:16 of 3rd period - Joel Eriksson Ek is hit by Andrei Svechnikov and loses puck.
1:25 of 3rd period - Jake Sanderson is hit by Joel Eriksson Ek and loses puck.
1:55 of 3rd period - Off-side.
1:56 of 3rd period - Andrew Copp wins face-off versus Frederick Gaudreau in neutral zone.
2:11 of 3rd period - Icing by Oliver Ekman-Larsson.
2:12 of 3rd period - Christian Dvorak wins face-off versus Robby Fabbri in Panthers zone.
2:54 of 3rd period - Shot by Eric Staal.
2:54 of 3rd period - Shot Misses the Net.
2:56 of 3rd period - Shot by Eric Staal.
2:56 of 3rd period - Shot Misses the Net.
3:29 of 3rd period - Shot by Aleksander Barkov.
3:29 of 3rd period - Stopped by Sam Montembeault with a rebound.
3:31 of 3rd period - Shot by Matthew Tkachuk.
3:31 of 3rd period - Stopped by Sam Montembeault without a rebound.
3:32 of 3rd period - Roope Hintz wins face-off versus Joel Eriksson Ek in Senators zone.
3:36 of 3rd period - Brady Tkachuk is hit by K'Andre Miller and loses puck.
4:00 of 3rd period - Icing by Jake Sanderson.
4:01 of 3rd period - Anthony Cirelli wins face-off versus Roope Hintz in Panthers zone.
4:42 of 3rd period - Icing by Jake Sanderson.
4:43 of 3rd period - Christian Dvorak wins face-off versus Jack Hughes in Panthers zone.
5:56 of 3rd period - Icing by Chris Tanev.
5:57 of 3rd period - Mikael Backlund wins face-off versus Matty Beniers in Senators zone.
6:04 of 3rd period - Shot by Oliver Ekman-Larsson.
6:04 of 3rd period - Shot Misses the Net.
6:06 of 3rd period - Shot by Alexandre Carrier.
6:06 of 3rd period - Shot Misses the Net.
7:38 of 3rd period - Christian Dvorak is hit by Robby Fabbri and loses puck.
7:45 of 3rd period - Shot by Christian Dvorak.
7:45 of 3rd period - Stopped by Alexandar Georgiev with a rebound.
8:03 of 3rd period - Shot by Eric Staal.
8:03 of 3rd period - Shot Blocked by Robby Fabbri.
9:09 of 3rd period - Shot by Matthew Tkachuk.
9:09 of 3rd period - Shot Blocked by Chris Tanev.
9:11 of 3rd period - Shot by Quinn Hughes.
9:11 of 3rd period - Goal by Quinn Hughes - Panthers : 4 - Senators : 1.
9:11 of 3rd period - Semyon Varlamov enters game.
9:12 of 3rd period - Roope Hintz wins face-off versus Andrew Copp in neutral zone.
10:16 of 3rd period - Shot by Matty Beniers.
10:16 of 3rd period - Shot Misses the Net.
10:45 of 3rd period - Shot by Matty Beniers.
10:45 of 3rd period - Stopped by Alexandar Georgiev without a rebound.
10:46 of 3rd period - Aleksander Barkov wins face-off versus Mason McTavish in Panthers zone.
12:17 of 3rd period - Anthony Cirelli is hit by Mikael Backlund and loses puck.
13:15 of 3rd period - Shot by Robby Fabbri.
13:15 of 3rd period - Deflect By Frederick Gaudreau.
13:15 of 3rd period - Shot Misses the Net.
13:23 of 3rd period - Shot by Matty Beniers.
13:23 of 3rd period - Stopped by Alexandar Georgiev with a rebound.
13:25 of 3rd period - Shot by Matty Beniers.
13:25 of 3rd period - Stopped by Alexandar Georgiev without a rebound.
13:26 of 3rd period - Luke Glendening wins face-off versus Andrei Svechnikov in Panthers zone.
14:03 of 3rd period - Icing by Oliver Ekman-Larsson.
14:04 of 3rd period - Aleksander Barkov wins face-off versus Joel Eriksson Ek in Panthers zone.
14:38 of 3rd period - Shot by Mikael Granlund.
14:38 of 3rd period - Shot Blocked by Owen Power.
14:40 of 3rd period - Shot by Matty Beniers.
14:40 of 3rd period - Stopped by Alexandar Georgiev without a rebound.
14:41 of 3rd period - Andrew Copp wins face-off versus Emil Bemstrom in Panthers zone.
15:17 of 3rd period - Off-side.
15:18 of 3rd period - Roope Hintz wins face-off versus Joel Eriksson Ek in neutral zone.
15:50 of 3rd period - Shot by Joel Eriksson Ek.
15:50 of 3rd period - Shot Misses the Net.
15:53 of 3rd period - Icing by Jake Sanderson.
15:54 of 3rd period - Roope Hintz wins face-off versus Mason McTavish in Panthers zone.
15:56 of 3rd period - Icing by Brady Tkachuk.
15:57 of 3rd period - Roope Hintz wins face-off versus Andrew Copp in Panthers zone.
15:57 of 3rd period - Roope Hintz is hit by Andrew Copp.
16:02 of 3rd period - Minor Penalty to Scott Laughton for Hooking.
16:03 of 3rd period - Aleksander Barkov wins face-off versus Luke Glendening in Senators zone.
16:06 of 3rd period - Shot by Aleksander Barkov.
16:06 of 3rd period - Stopped by Semyon Varlamov with a rebound.
17:25 of 3rd period - Icing by Brady Tkachuk.
17:26 of 3rd period - Luke Glendening wins face-off versus Roope Hintz in Panthers zone.
18:13 of 3rd period - Shot by Luke Evangelista.
18:13 of 3rd period - Stopped by Semyon Varlamov without a rebound.
18:14 of 3rd period - Christian Dvorak wins face-off versus Frederick Gaudreau in Senators zone.
19:37 of 3rd period - Shot by Joel Eriksson Ek.
19:37 of 3rd period - Shot Misses the Net.
19:39 of 3rd period - Shot by Joel Eriksson Ek.
19:39 of 3rd period - Stopped by Alexandar Georgiev without a rebound.
19:40 of 3rd period - Andrew Copp wins face-off versus Roope Hintz in Panthers zone.
19:58 of 3rd period - Shot by Andrew Copp.
19:58 of 3rd period - Shot Misses the Net.
Goals for this period are 1 for Panthers vs 0 for Senators.
Shots for this period are 5 for Panthers vs 7 for Senators.